Map: Cala del Rey EE

Players

qwerty

  • Race: Terran Terran
  • League: Diamond
  • Spawn Location: 5:00

Sazed - Winner!

  • Race: Terran Terran
  • League: Diamond
  • Spawn Location: 11:00

VOD

Have the link to the VOD?

Description

Time

  • Played on: March 9, 2025, 10:11 a.m.
  • Length: 6:37
Show
View Real Time Build Order
Export as new Build Order

qwerty Terran 

Build Orders: 1/1/1 

Get SALT Encoding   

  12  0:00  SCV  
  13  0:12  SCV  
  14  0:18  Supply Depot  
  14  0:24  SCV  
  15  0:30  Refinery  
  15  0:42  Barracks  
  15  0:45  SCV  
  16  0:57  SCV, Refinery  
  17  1:12  SCV  
  18  1:24  SCV  
  19  1:29  Reaper  
  20  1:36  Orbital Command  
  20  1:43  Factory  
  20  1:52  Supply Depot  
  20  2:02  SCV  
  20  2:04  Marine  
  21  2:15  SCV  
  21  2:22  Marine  
  23  2:27  Starport  
  23  2:28  SCV  
  23  2:29  Factory Tech Lab  
  24  2:40  SCV, Marine  
  26  2:48  Siege Tank  
  29  2:58  Marine  
  30  3:07  Fusion Core  
  30  3:12  Starport Tech Lab  
  30  3:13  SCV  
  30  3:16  Supply Depot  
  29  3:40  SCV  
  30  3:42  Marine  
  30  3:44  Supply Depot  
  31  3:55  Battlecruiser  
  37  4:00  Marine  
  38  4:11  SCV  
  39  4:21  Command Center  
  39  4:30  Weapon Refit  
  39  4:34  SCV  
  40  4:42  Engineering Bay  
  40  4:47  SCV  
  41  4:57  Cyclone  
  44  5:55  Orbital Command  
  44  6:04  Missile Turret  
  44  6:09  SCV  
  44  6:10  Missile Turret  
Show
View Real Time Build Order
Export as new Build Order

Sazed Terran - Winner!

Build Orders:  

Get SALT Encoding   

  12  0:00  SCV  
  13  0:12  SCV  
  14  0:18  Supply Depot  
  14  0:24  SCV  
  15  0:39  SCV  
  15  0:41  Barracks  
  16  0:45  Refinery  
  16  0:51  SCV  
  16  0:56  Refinery  
  17  1:03  SCV  
  18  1:15  SCV  
  19  1:28  Orbital Command  
  19  1:29  Reaper  
  20  1:46  Supply Depot  
  20  1:50  Factory  
  20  1:54  SCV  
  21  2:07  Reaper  
  21  2:17  SCV  
  22  2:29  SCV  
  23  2:32  Command Center  
  23  2:36  Factory Tech Lab  
  23  2:41  SCV  
  24  2:54  Siege Tank  
  24  2:55  Barracks Reactor  
  27  3:01  Starport  
  27  3:11  SCV  
  28  3:33  SCV  
  29  3:44  Barracks Reactor, Siege Tank  
  29  3:45  Orbital Command  
  32  3:51  Command Center  
  32  3:56  SCV  
  33  4:03  Viking  
  33  4:06  Viking  
  33  4:09  SCV  
  39  4:17  SCV  
  39  4:21  SCV, Marine  
  39  4:22  Marine  
  42  4:29  SCV  
  43  4:31  Siege Tank  
  46  4:47  Refinery  
  46  4:48  Refinery  
  46  4:57  Supply Depot  
  46  4:58  Supply Depot  
  46  5:02  Refinery  
  46  5:03  SCV x2, Marine x2  
  46  5:04  Refinery  
  50  5:10  Orbital Command  
  45  5:18  Engineering Bay  
  45  5:20  Viking  
  40  5:41  SCV x2  
  40  5:48  Orbital Command  
  39  5:54  SCV x2  
  41  6:06  Viking x2, SCV x2  
  41  6:07  Marine  
  49  6:18  SCV x2  
Tags
 
Matchup
TvT
Opening
1/1/1
Race
Terran
Spawn Locations
Cross Positions
Add a new tag
Caveats
  • Supply blocks, unpowered buildings, or Contaminate may cause inaccurate times.
  • Supply counts are checked every 10 seconds.